 Dungeon Crawl Stone Soup version 0.28-a0-1555-g9ae15a6949 (webtiles) character file.

Game seed: 16707906726018196165

2228 mordus the Carver (level 9, -2/96 HPs)
             Began as a Formicid Fighter on Jan 18, 2022.
             Was a Follower of Okawaru.
             Slain by a killer bee (5 damage)
             ... on level 7 of the Dungeon.
             The game lasted 00:11:39 (8220 turns).

mordus the Carver (Formicid Fighter)                Turns: 8220, Time: 00:11:39

Health: -2/96      AC: 24    Str: 24    XL:     9   Next: 62%
Magic:  9/11       EV:  2    Int:  9    God:    Okawaru [*.....]
Gold:   279        SH:  7    Dex: 10    Spells: 8/8 levels left

rFire   . . .      SeeInvis .   a - +0 long sword
rCold   . . .      Faith    .   c - +0 buckler
rNeg    . . .      Spirit   .   (armour currently unavailable)
rPois   +          Reflect  .   (helmet unavailable)
rElec   .          Harm     .   (cloak currently unavailable)
rCorr   .          Rampage  .   (gloves currently unavailable)
Will    .....                   (boots currently unavailable)
Stlth   +++.......              (no amulet)
HPRegen 0.26/turn               (no ring)
MPRegen 0.12/turn               (no ring)

@: tree-form, heroic
A: stationary, stasis, torment immunity, boosted hp, permanent stasis, dig
shafts and tunnels, (antennae 3), four strong arms, (hooves 1), (cold resistance
1)
a: Renounce Religion, Heroism


You were on level 7 of the Dungeon.
You worshipped Okawaru.
Okawaru was aware of your devotion.
You were a tree.
You visited 2 branches of the dungeon, and saw 8 of its levels.

You collected 279 gold pieces.

Inventory:

Hand Weapons
 a - a +0 long sword (weapon)
 v - a +7 club
Armour
 c - a +0 buckler (worn)
 g - a +0 pair of gloves (melded)
 i - a +0 pair of boots (melded)
 w - a +0 chain mail (melded)
 A - a +0 plate armour
Jewellery
 f - a ring of protection from cold
Wands
 t - a wand of paralysis (9)
Scrolls
 b - a scroll of noise {unknown}
 e - 4 scrolls of identify {unknown}
 h - a scroll of teleportation {unknown}
 j - a scroll of magic mapping {unknown}
 k - a scroll of vulnerability {unknown}
 l - 3 scrolls of fog {unknown}
 m - a scroll of enchant armour {unknown}
 o - 2 scrolls of brand weapon {unknown}
 p - a scroll of acquirement {unknown}
 q - a scroll of enchant weapon {unknown}
 r - 2 scrolls of silence {unknown}
 y - a scroll of immolation {unknown}
 C - a scroll of holy word {unknown}
 D - a scroll of summoning {unknown}
Potions
 d - 4 potions of might
 n - a potion of mutation
 s - a potion of magic
 B - a potion of attraction {unknown}
 E - a potion of haste {unknown}


   Skills:
 - Level 3.2(8.2) Fighting
 * Level 8.7(13.7) Long Blades
 + Level 7.2(12.2) Armour
 + Level 8.0(13.0) Shields
 + Level 2.8 Invocations


You had 8 spell levels left.
You didn't know any spells.
Your spell library contained the following spells:

 Spells                   Type           Power      Damage    Failure   Level
 Beastly Appendage        Tmut           0%         N/A       41%         1
 Wereblood                Tmut           0%         N/A       56%         2
 Spider Form              Tmut/Pois      0%         N/A       80%         3
 Anguish                  Hex/Necr       0%         N/A       99%         4
 Enfeeble                 Hex            0%         N/A       100%        7
 Tukima's Dance           Hex            Unusable   N/A       N/A         3

Dungeon Overview and Level Annotations

Branches:
Dungeon (7/15)             Temple (1/1) D:5

Altars:
Ashenzari
Cheibriados
Dithmenos
Elyvilon
Fedhas
Gozag
Hepliaklqana
Kikubaaqudgha
Makhleb
Nemelex Xobeh
Okawaru
Qazlal
Ru
Sif Muna
Trog
Uskayaw
Vehumet
Wu Jian
Xom
Yredelemnul
Zin
The Shining One

Shops:
D:1 *

Annotations:
D:7 1 runed translucent door


Innate Abilities, Weirdness & Mutations

You are a tree.
Your roots penetrate the ground, keeping you stationary.
You cannot be teleported.
You are immune to unholy pain and torment.
Your maximum health is greatly increased.
Your equipment is partially melded.
You cannot be hasted, slowed, berserked, paralysed or teleported.
You can dig through walls and to a lower floor.
((You have a pair of large antennae on your head. (SInv)))
Your four strong arms can wield two-handed weapons with a shield.
((You have large cloven feet.))
((Your flesh is cold resistant. (rC+)))


Message History

You block the killer bee's attack.
You barely miss the killer bee.
* * * LOW HITPOINT WARNING * * *
You feel sick.
The killer bee stings you but does no damage.
The killer bee stings you.
* * * LOW HITPOINT WARNING * * *
You barely miss the killer bee.
* * * LOW HITPOINT WARNING * * *
You feel sick.
The killer bee stings you but does no damage. x2
You barely miss the killer bee.
* * * LOW HITPOINT WARNING * * *
You feel sick.
The killer bee stings you but does no damage.
You block the killer bee's attack.
Unknown command.
It was a potion of curing.
You feel better.
The killer bee stings you but does no damage.
The killer bee stings you.
* * * LOW HITPOINT WARNING * * *
You closely miss the killer bee.
The killer bee stings you but does no damage. x2
You miss the killer bee.
The killer bee stings you but does no damage. x2
You closely miss the killer bee. You block the killer bee's attack. x2
You barely miss the killer bee. You block the killer bee's attack.
The killer bee stings you but does no damage.
You barely miss the killer bee.
The killer bee stings you but does no damage. x2
You gain the combat prowess of a mighty hero.
The killer bee stings you!
* * * LOW HITPOINT WARNING * * *
The killer bee stings you but does no damage.
You miss the killer bee. You block the killer bee's attack.
You hit the killer bee.
The killer bee is lightly wounded.
The killer bee stings you but does no damage.
The killer bee stings you.
You die...

. {{{ { . {{{ K# . {{{ K ?
{{{ .# #. # #### . .K. #
####..# .#.#.# ## ##.###.#
#......
.####...##.########...#.#.
.'.............)♣yyK......
.####...##.########$....##
## ##.###.# #.#.## # ###
#.# ## # #.# ... ..# ###


You could see 2 killer bees and a kobold.

Vanquished Creatures
  Grinder (D:5)
  Prince Ribbit (D:5)
  Sigmund (D:2)
  A water moccasin (D:5)
  2 black bears (D:6)
  A hornet zombie (D:6)
  6 ogres
  A kobold brigand (D:7)
  4 killer bees (D:7)
  2 hounds
  2 bullfrog skeletons
  3 iguanas
  An orc priest (D:5)
  Ijyb (D:3)
  3 orc wizards
  Terence (D:3)
  A hound skeleton (D:4)
  A howler monkey zombie (D:5)
  3 adders
  A howler monkey skeleton (D:3)
  5 worms
  2 dart slugs
  16 orcs
  13 ball pythons
  5 bats
  9 endoplasms
  7 giant cockroaches
  7 goblins
  6 hobgoblins
  7 jackals
  3 quokkas
  3 frilled lizards
  11 kobolds
  6 rats
137 creatures vanquished.

Vanquished Creatures (others)
  3 plants (D:4)
3 creatures vanquished.

Grand Total: 140 creatures vanquished

Notes
Turn   | Place    | Note
-------+----------+-------------------------------------------
     0 | D:1      | mordus the Formicid Fighter began the quest for the Orb.
     0 | D:1      | Reached XP level 1. HP: 18/18 MP: 1/1
     1 | D:1      | Found a runed translucent door.
   281 | D:1      | Reached XP level 2. HP: 18/24 MP: 2/2
   527 | D:1      | Reached XP level 3. HP: 15/29 MP: 3/3
   770 | D:1      | Found Uckeomamp's General Store.
   931 | D:1      | Found a faded altar of an unknown god.
  1263 | D:1      | Reached XP level 4. HP: 19/35 MP: 4/4
  1998 | D:2      | Noticed Sigmund
  2048 | D:2      | Killed Sigmund
  2049 | D:2      | Reached skill level 5 in Shields
  2049 | D:2      | Reached XP level 5. HP: 33/41 MP: 5/5
  2049 | D:2      | Reached XP level 6. HP: 38/47 MP: 6/6
  2712 | D:3      | Noticed Ijyb
  2728 | D:3      | Killed Ijyb
  2798 | D:3      | Noticed Terence
  2823 | D:3      | Killed Terence
  3133 | D:3      | Reached skill level 5 in Long Blades
  3189 | D:3      | Reached XP level 7. HP: 46/52 MP: 7/7
  4058 | D:4      | Reached skill level 5 in Armour
  4321 | D:5      | Entered Level 5 of the Dungeon
  4632 | D:5      | Noticed Prince Ribbit
  4907 | D:5      | Noticed a water moccasin
  4918 | D:5      | Killed a water moccasin
  4919 | D:5      | Reached XP level 8. HP: 22/58 MP: 8/8
  5498 | D:5      | Found an opulent altar of Gozag.
  5816 | D:5      | Noticed Grinder
  5840 | D:5      | Killed Grinder
  6085 | D:5      | Found a staircase to the Ecumenical Temple.
  6096 | Temple   | Entered the Ecumenical Temple
  6344 | D:5      | Killed Prince Ribbit
  6743 | D:6      | Found a shimmering blue altar of Sif Muna.
  6755 | D:6      | Found a hazy altar of Hepliaklqana.
  6758 | D:6      | Found an iron altar of Okawaru.
  6762 | D:6      | Found a bloodstained altar of Trog.
  6776 | D:6      | Became a worshipper of Warmaster Okawaru
  6818 | D:6      | Reached XP level 9. HP: 56/64 MP: 9/9
  7038 | D:6      | Found a snail-covered altar of Cheibriados.
  7084 | D:6      | Reached skill level 1 in Invocations
  7503 | D:6      | Reached * piety under Okawaru
  8088 | D:7      | Found a runed translucent door.
  8155 | D:7      | Gained mutation: Your flesh is cold resistant. (rC+)
                  | [potion of mutation]
  8155 | D:7      | Gained mutation: You have large cloven feet. [potion of
                  | mutation]
  8199 | D:7      | HP: 2/96 [poisoned by a killer bee]
  8209 | D:7      | HP: 4/96 [killer bee (2)]
  8218 | D:7      | HP: 3/96 [killer bee (7)]
  8220 | D:7      | Slain by a killer bee

Illustrated notes

Levels and vault maps discovered:
D:1:      dpeg_arrival_caged_fury, layout_loops_ring, serial_shops, shop_statue,
          hellmonk_ecumenical_altar_slurped_away
D:2:      layout_loops_corners, chequers_serial_rivers_micro_c,
          grunt_decor_clamped, uniq_sigmund
D:3:      layout_basic, uniq_ijyb, uniq_terence
D:4:      cheibrodos_old_hovel, layout_basic, kennysheep_generic_room_7
D:5:      layout_gridville, nicolae_gozag_seed_capital,
          minmay_temple_entry_proselytizer, uniq_prince_ribbit1, uniq_grinder
D:6:      layout_basic, mainiacjoe_overflow_catch_the_wave,
          grunt_temple_overflow_diamond
D:7:      layout_loops_corners, hex_medium, lightli_church_of_beogh
Temple:   eino_temple_scatter_basement

Skill      XL: |  1  2  3  4  5  6  7  8  9 |
---------------+----------------------------+-----
Shields        | 4 5 6 7 8 |  8.0
Long Blades    | 3 4 5 6 7 8 |  8.7
Armour         | 4 5 6 7 |  7.2
Invocations    | 2 |  2.8
Fighting       | |  3.2

Action                   |  1- 3 |  4- 6 |  7- 9 || total
-------------------------+-------+-------+-------++-------
Melee: Long sword        |   117 |   128 |   304 ||   549
       Club              |       |    22 |       ||    22
Invok: Heroism           |       |       |     2 ||     2
  Use: Potion            |       |       |     5 ||     5
Armor: Scale mail        |    75 |    39 |       ||   114
       Chain mail        |       |    21 |    53 ||    74
       Plate armour      |       |       |    98 ||    98
       Skin              |       |       |    22 ||    22
Dodge: Dodged            |    79 |    60 |    95 ||   234
Block: Buckler           |    33 |    31 |    66 ||   130

Table legend: (Time is in decaauts)
 A = Elapsed time spent in this place.
 B = Non-inter-level travel time spent in this place.
 C = Inter-level travel time spent in this place.
 D = Time resting spent in this place.
 E = Time spent auto-exploring this place.
 F = Levels seen in this place.
 G = Mean time per level.
                   A        B        C        D        E       F      G
               +--------+--------+--------+--------+--------+-----+--------+
         Total |   8307 |   8153 |    154 |   2216 |   4480 |   8 | 1038.4 |
       Dungeon |   8111 |   7971 |    140 |   2216 |   4313 |   7 | 1158.7 |
        Temple |    195 |    181 |     14 |      0 |    167 |   1 |  195.0 |
               +--------+--------+--------+--------+--------+-----+--------+

Top non-repeatable levels by time:
     D:5: 2143 daAuts
     D:1: 1502 daAuts
     D:6: 1366 daAuts
     D:2: 1100 daAuts
     D:3: 964 daAuts
     D:4: 828 daAuts
     D:7: 205 daAuts
  Temple: 195 daAuts
